 Dungeon Crawl Stone Soup version 0.30.0-17-ge0270778cf (webtiles) character file.

Game seed: 2213980699831818295

3040 Kenran the Carver (level 10, -5/81 HPs)
             Began as a Formicid Fighter on May 21, 2023.
             Was a Follower of Wu Jian.
             Slain by an orc warrior
             ... wielding a +0 halberd
              (9 damage)
             ... on level 10 of the Dungeon.
             The game lasted 00:14:04 (6148 turns).

Kenran the Carver (Formicid Fighter)                Turns: 6148, Time: 00:14:05

Health: -5/81      AC: 14    Str: 29    XL:     10   Next: 11%
Magic:  10/10      EV:  7    Int:  8    God:    Wu Jian [*.....]
Gold:   368        SH:  5    Dex: 15    Spells: 9/9 levels left

rFire   + . .        p - +0 scimitar
rCold   + . .        c - +0 buckler
rNeg    . . .        n - +0 plate armour
rPois   +            (helmet unavailable)
rElec   +            y - +0 cloak
rCorr   +            b - +0 pair of gloves
SInv    +            t - +0 pair of boots
Will    +....        j - amulet of regeneration Stlth
                     s - ring of poison resistance
HPRegen 1.13/turn    v - +6 ring of strength
MPRegen 0.12/turn

%: no passive effects
@: resistant, unable to drink
A: permanent stasis, dig shafts and tunnels, antennae 3, four strong arms,
robust 1, inability to drink after injury 1
a: Dig, Shaft Self, Renounce Religion


You were on level 10 of the Dungeon.
You worshipped Wu Jian.
Wu Jian was aware of your devotion.
You visited 2 branches of the dungeon, and saw 11 of its levels.

You collected 368 gold pieces.

Inventory:

Hand Weapons
 a - a +0 war axe
 p - a +0 scimitar (weapon)
Armour
 b - a +0 pair of gloves (worn)
 c - a +0 buckler (worn)
 n - a +0 plate armour (worn)
 t - a +0 pair of boots (worn)
 y - a +0 cloak (worn)
Jewellery
 j - an amulet of regeneration (around neck)
 s - a ring of poison resistance (left hand)
 v - a +6 ring of strength (right hand)
Wands
 d - a wand of mindburst (14)
 r - a wand of flame (26)
Scrolls
 g - a scroll of torment {unknown}
 i - 3 scrolls of fog
 k - 4 scrolls of magic mapping
 x - a scroll of vulnerability {!r}
Potions
 e - a potion of ambrosia
 f - 4 potions of attraction {!q}
 l - a potion of mutation {!q}
 m - 4 potions of flight
 z - a potion of berserk rage {!q}


   Skills:
 - Level 5.0 Fighting
 + Level 11.3 Long Blades
 - Level 6.1 Axes
 - Level 3.2 Armour
 - Level 4.0 Shields
 - Level 2.0 Evocations


You had 9 spell levels left.
You didn't know any spells.
Your spell library contained the following spells:

 Spells                   Type           Power      Damage    Failure   Level
 Lesser Beckoning         Tloc           0%         N/A       100%        2
 Gell's Gravitas          Tloc           0%         N/A       100%        3
 Teleport Other           Tloc           0%         N/A       100%        3
 Volatile Blastmotes      Fire/Tloc      0%         2d10      100%        3
 Fulminant Prism          Conj/Hex       0%         3d5       100%        4
 Iskenderun's Mystic Bla  Conj/Tloc      0%         2d3       100%        4
 Petrify                  Tmut/Erth      0%         N/A       100%        4
 Lee's Rapid Deconstruct  Erth           0%         3d4*      100%        5
 Metabolic Englaciation   Hex/Ice        0%         N/A       100%        5
 Statue Form              Tmut/Erth      0%         N/A       100%        6


Dungeon Overview and Level Annotations

Branches:
Dungeon (11/15)            Temple (1/1) D:6
   Lair: D:8-11         Orc: D:9-12

Altars:
Ashenzari
Cheibriados
Dithmenos
Elyvilon
Fedhas
Gozag
Hepliaklqana
Kikubaaqudgha
Makhleb
Nemelex Xobeh
Okawaru
Qazlal
Ru
Sif Muna
Trog
Uskayaw
Vehumet
Wu Jian
Xom
Yredelemnul
Zin
The Shining One

Shops:
D:1 (

Annotations:
D:3 1 runed translucent door, Crazy Yiuf
D:5 need flight
D:11 exclusion: upstairs


Innate Abilities, Weirdness & Mutations

You cannot be hasted, slowed, berserked, paralysed or teleported.
You can dig through walls and to a lower floor.
You have a pair of large antennae on your head. (SInv)
Your four strong arms can wield two-handed weapons with a shield.
You are robust. (+10% HP)
You occasionally lose the ability to drink potions when taking damage.


Message History

The troll bites you but does no damage. The troll claws you!
The troll closely misses you.
You hit the troll.
The troll is lightly wounded.
The troll bites you but does no damage. The troll closely misses you.
The troll claws you but does no damage.
You slash the troll!
The troll is heavily wounded.
The troll bites you. You block the troll's attack. The troll claws you.
You closely miss the troll.
The troll is heavily wounded.
The troll closely misses you. The troll claws you but does no damage.
You block the troll's attack.
You closely miss the troll.
The troll is heavily wounded.
The troll bites you! The troll claws you. The troll claws you!
* * * LOW HITPOINT WARNING * * *
You hit the troll.
The troll is heavily wounded.
You slash the troll!
The troll is severely wounded.
The troll barely misses you.
The troll claws you but does no damage. x2
You slash the troll!
You kill the troll!
The Council accepts your kill.
The troll leather armour is intact enough to wear.
Your Long Blades skill increases to level 11!
You hit the orc warrior but do no damage.
The orc warrior hits you but does no damage.
You feel protected.
You hit the orc warrior but do no damage.
The orc warrior hits you with a +0 halberd!
* * * LOW HITPOINT WARNING * * *
The orc warrior hits you with a +0 dire flail!
You feel threatened and lose the ability to drink potions!
* * * LOW HITPOINT WARNING * * *
You hit the orc warrior but do no damage.
You block the orc warrior's attack.
The orc warrior hits you with a +0 halberd!
You die... ≣..≣≣. ≣≣≣≣≣≣≣≣≣..{ ≣.≣...≣≣≣≣{{ ≣≣..†≣≣≣o≣.. ≣≣≣..≣.≣.o. ≣≣≣.≣.....≣.. ≣..≣o≣....$.. ≣≣≣≣ ≣≣..o≣.o..o. ≣@o≣

≣≣{...≣...≣≣≣
≣≣o≣≣≣{≣.{≣≣≣o.≣
≣oo≣.≣≣.≣.≣ ≣..≣
≣{≣≣≣..≣≣.≣≣≣.{≣
≣.≣{≣≣.{.......≣
≣..≣..........
≣≣............
≣≣...........
..≣...........


You could see 2 orc warriors and an orc wizard (invisible).

Vanquished Creatures
  A troll (D:10)
  A yak (D:10)
  A water moccasin (D:6)
  An orc warrior (D:8)
  An ice beast (D:6)
  3 ogres
  A centaur (D:4)
  2 kobold brigands
  2 bullfrogs (D:7)
  A scorpion (D:6)
  3 wights (D:8)
  9 killer bees
  An electric eel (D:7)
  A crimson imp (D:8)
  A jelly (D:7)
  5 hounds
  4 orc priests
  Jessica (D:3)
  5 sleepcaps
  4 iguanas
  13 orc wizards
  5 gnolls
  4 adders
  A white imp (D:7)
  7 worms
  2 dart slugs
  25 orcs
  7 ball pythons
  3 endoplasms
  4 giant cockroaches (D:2)
  6 hobgoblins
  4 jackals
  A quokka (D:2)
  A ball python zombie (D:2)
  5 bats
  3 frilled lizards
  7 goblins
  16 kobolds
  5 rats
167 creatures vanquished.

Notes
Turn   | Place    | Note
-------+----------+-------------------------------------------
     0 | D:1      | Kenran the Formicid Fighter began the quest for the Orb.
     0 | D:1      | Reached XP level 1. HP: 18/18 MP: 1/1
   227 | D:1      | Found Baunn's Antique Weapon Shoppe.
   234 | D:1      | Reached XP level 2. HP: 21/24 MP: 2/2
   491 | D:1      | Found a faded altar of an unknown god.
   724 | D:1      | Reached XP level 3. HP: 19/29 MP: 3/3
  1124 | D:2      | Reached XP level 4. HP: 25/35 MP: 4/4
  1630 | D:3      | Noticed Jessica
  1644 | D:3      | Killed Jessica
  1645 | D:3      | Reached skill level 5 in Axes
  1645 | D:3      | Reached XP level 5. HP: 35/41 MP: 5/5
  1923 | D:3      | Found a runed translucent door.
  1924 | D:3      | Noticed Crazy Yiuf
  1950 | D:3      | Reached XP level 6. HP: 46/46 MP: 6/6
  2610 | D:4      | Reached skill level 2 in Long Blades
  2824 | D:4      | Reached XP level 7. HP: 52/52 MP: 7/7
  2847 | D:4      | Reached skill level 3 in Long Blades
  3049 | D:5      | Entered Level 5 of the Dungeon
  3077 | D:5      | Reached skill level 4 in Long Blades
  3314 | D:5      | Reached skill level 5 in Long Blades
  3503 | D:5      | Reached XP level 8. HP: 55/58 MP: 8/8
  4015 | D:5      | Reached skill level 6 in Long Blades
  4131 | D:5      | need flight
  4211 | D:6      | Reached skill level 7 in Long Blades
  4386 | D:6      | Reached skill level 8 in Long Blades
  4503 | D:6      | Found a staircase to the Ecumenical Temple.
  4556 | Temple   | Entered the Ecumenical Temple
  4687 | D:7      | Reached XP level 9. HP: 64/64 MP: 9/9
  4733 | D:7      | Identified the +1 ring mail "Davot" {rF- Regen+ Int+4
                  | Dex+2}
  4802 | D:7      | Reached skill level 9 in Long Blades
  5073 | D:7      | Found a broken altar of Ashenzari.
  5078 | D:7      | Found a sparkling altar of Nemelex Xobeh.
  5079 | D:7      | Found an ancient bone altar of Kikubaaqudgha.
  5082 | D:7      | Found a blossoming altar of Fedhas.
  5082 | D:7      | Found a glowing silver altar of Zin.
  5082 | D:7      | Found an ornate altar of the Wu Jian Council.
  5110 | D:7      | Became a worshipper of the Wu Jian Council
  5257 | D:7      | Reached skill level 10 in Long Blades
  5434 | D:8      | Reached skill level 1 in Evocations
  5530 | D:8      | Gained mutation: You occasionally lose the ability to drink
                  | potions when taking damage. [potion of mutation]
  5530 | D:8      | Gained mutation: You are robust. (+10% HP) [potion of
                  | mutation]
  5749 | D:8      | Reached skill level 5 in Fighting
  5755 | D:8      | Reached * piety under Wu Jian
  5807 | D:8      | Found a shimmering altar of Xom.
  5808 | D:8      | Found a burning altar of Makhleb.
  5871 | D:8      | Found a bloodstained altar of Trog.
  5879 | D:8      | You fall into a shaft and drop 3 floors!
  5893 | D:10     | Entered Level 10 of the Dungeon
  5899 | D:11     | Noticed a cyclops
  6080 | D:10     | Reached XP level 10. HP: 50/81 MP: 10/10
  6145 | D:10     | Reached skill level 11 in Long Blades
  6147 | D:10     | HP: 3/81 [orc warrior/+0 dire flail (17)]
  6148 | D:10     | Slain by an orc warrior

Illustrated notes

.#........# #............
.#........# #.......####.
.#........# #.......####.
'#........# #......)'.##.
..........# #.......#.##.
..........# #.......#.##.
).........# #≈≈≈≈≈≈≈≈.#....
..........########≈≈≈≈≈≈≈≈≈≈#..##
...#............@≈≈#+#≈≈###≈≈....
...##############≈≈# #≈≈# +≈≈#...
#### #........##≈≈###≈≈###≈≈..##
#.######.##≈≈≈≈≈≈≈≈≈≈≈≈.### #.#
#.##≈≈≈≈≈≈≈≈≈≈≈≈## # #.#
#.##≈≈###≈≈###≈≈# # #.# #.##≈≈#
#≈≈# +≈≈#### #######.#
#.##≈≈#+#≈≈###≈≈##.. ........#
#.##.≈≈≈≈≈≈≈≈≈≈# #.#


Turn 4131 on D:5: need flight

Levels and vault maps discovered:
D:1:      dpeg_arrival_round_c, layout_loops_corners, serial_shops, shop,
          hellmonk_ecumenical_altar_dog_temple
D:2:      minmay_diamond_boxcup, layout_rooms, serial_undead, serial_undead_b,
          serial_undead_b, serial_undead_a, serial_undead_d, serial_undead_b,
          serial_undead_a
D:3:      layout_basic, hex_medium, uniq_jessica, uniq_crazy_yiuf_cottage
D:4:      layout_loops_ring, ebering_dispersal_statue_hall, grunt_ministairs_8
D:5:      layout_basic, water_boxes_lemuel
D:6:      layout_rooms, temple_pool_b, hex_large
D:7:      layout_rooms, grunt_temple_overflow_open, serial_bayou,
          serial_bayou_shore_b, serial_bayou_pond_d, serial_bayou_lagoon_a,
          serial_bayou_pond_d
D:8:      layout_loops_ring, grunt_temple_overflow_champion_of_chaos,
          trog_three_pillars_becter
D:10:     layout_big_octagon, david_orc_4, serial_shops, shop, minivault_7
D:11:     layout_roguey
Temple:   cyrus_circular_temple

Skill      XL: |  1  2  3  4  5  6  7  8  9 10 |
---------------+-------------------------------+-----
Axes           | 3 4 5 6 |  6.1
Long Blades    | 2 5 8 10 11 | 11.3
Evocations     | 2 |  2.0
Fighting       | 5 |  5.0
Armour         | |  3.2
Shields        | |  4.0

Action                     |  1- 3 |  4- 6 |  7- 9 | 10-12 || total
---------------------------+-------+-------+-------+-------++-------
  Melee: War axe           |    88 |    93 |       |       ||   181
         Scimitar          |       |    33 |   415 |    31 ||   479
Ability: Dig               |       |     1 |     6 |       ||     7
         Lunge             |       |       |     6 |       ||     6
         Whirlwind         |       |       |     2 |     3 ||     5
  Evoke: Wand              |       |       |     2 |       ||     2
    Use: Potion            |       |     3 |     5 |     4 ||    12
         Scroll            |       |     3 |     9 |     2 ||    14
   Stab: Invisible         |       |       |     4 |       ||     4
 Armour: Scale mail        |    38 |    20 |       |       ||    58
         Plate armour      |       |    45 |   258 |    27 ||   330
  Dodge: Dodged            |    45 |    73 |   142 |    12 ||   272
  Block: Buckler           |    24 |    34 |    96 |    12 ||   166
